 Dungeon Sprint DCSS version 0.23-a0-171-g5ae17c6 (webtiles) character file.

568 Fang the Fighter (level 7, -20/79 HPs)
             Began as a Gargoyle Berserker on Sept 14, 2018.
             Was a Follower of Trog.
             Killed from afar by a deep elf knight (29 damage)
             ... with a shard of ice
             ... in the Dungeon (Sprint V: "Ziggurat Sprint").
             The game lasted 00:00:29 (78 turns).

Fang the Fighter (Gargoyle Berserker)                 Turns: 78, Time: 00:00:29

Health: -20/79     AC: 22    Str: 40    XL:     7   Next: 33%
Magic:  7/7        EV: 11    Int:  7    God:    Trog [*.....]
Gold:   0          SH:  0    Dex:  9    Spells: 6/6 levels left

rFire    . . .     SeeInvis .   k - +5 executioner's axe
rCold    . . .     Gourm    .   (shield currently unavailable)
rNeg     + . .     Faith    .   j - +5 shadow dragon scales
rPois    ∞         Spirit   .   (no helmet)
rElec    +         Reflect  .   (no cloak)
rCorr    .         Harm     .   (no gloves)
MR       .....     NoTele   +   (no boots)
Stlth    ..........             (no amulet)
HPRegen  0.23/turn              D - +6 ring of strength
MPRegen  0.10/turn              E - +6 ring of strength

@: berserking (expiring), very quick
A: negative energy resistance 1, electricity resistance, unbreathing,
petrification resistance, rot immunity, AC +4
a: Berserk, Renounce Religion


You were in the Dungeon.
You worshipped Trog.
Trog was aware of your devotion.
You were not hungry.

You visited 1 branch

Inventory:

Hand Weapons
 k - a +5 executioner's axe (weapon)
Armour
 j - +5 shadow dragon scales (worn)
Jewellery
 D - a +6 ring of strength (left hand)
 E - a +6 ring of strength (right hand)
Wands
 w - a wand of disintegration (7)
 x - a wand of iceblast (7)
 y - a wand of acid (7)
Scrolls
 i - 4 scrolls of blinking
 l - 7 scrolls of fog
 m - a scroll of holy word
 n - 5 scrolls of identify
 o - 5 scrolls of remove curse
 p - 2 scrolls of fear
Potions
 d - 10 potions of curing
 e - 10 potions of heal wounds
 f - 6 potions of haste
 g - 7 potions of magic
 h - 3 potions of berserk rage
 q - 2 potions of brilliance
 r - 2 potions of invisibility
 s - 4 potions of resistance
 t - a potion of experience
 u - 5 potions of agility
 v - 5 potions of might
Comestibles
 c - 7 rations


   Skills:
 + Level 10.8 Fighting
 + Level 9.5 Axes
 + Level 6.2 Armour
 + Level 4.0 Dodging


You had 6 spell levels left.
You didn't know any spells.
Your spell library was empty.

Dungeon Overview and Level Annotations

Branches:
Dungeon (1/1)

Altars:
Ashenzari
Cheibriados
Dithmenos
Elyvilon
Fedhas
Gozag
Hepliaklqana
Kikubaaqudgha
Makhleb
Nemelex Xobeh
Okawaru
Qazlal
Ru
Sif Muna
Trog
Uskayaw
Vehumet
Wu Jian
Xom
Yredelemnul
Zin
The Shining One
Beogh
Jiyva
Lugonu

Annotations:
D 1 transporter


Innate Abilities, Weirdness & Mutations

You are resistant to torment.
Your stone body is resilient. (AC +4)
You are immune to poison.
You resist negative energy. (rN+)
You are resistant to electric shocks. (rElec)
You can survive without breathing.
You are immune to petrification.
You are immune to rotting.


Message History

Increase (S)trength, (I)ntelligence, or (D)exterity?
You feel stronger.
You have reached level 7!
You slash the deep elf knight!
The deep elf knight hits you but does no damage. x2
You barely miss the deep elf knight.
The deep elf knight is heavily wounded.
The deep elf knight hits you but does no damage.
You closely miss the deep elf knight.
The deep elf knight is heavily wounded.
The deep elf knight casts a spell at you.
The shard of ice hits you!
* * * LOW HITPOINT WARNING * * *
The deep elf knight hits you with a long sword.
* * * LOW HITPOINT WARNING * * *
You closely miss the deep elf knight.
The deep elf knight is heavily wounded.
The deep elf knight gestures at you while chanting.
The shard of ice hits you!
You die...

▓▓▓▓▓▓▓
▓.8©8.▓
▓.....▓
▓.|.).▓
▓.e)..▓
▓..@..▓
▓..©..▓
▓▓▓▓▓▓▓


You could see a deep elf knight.

Vanquished Creatures
  A deep elf knight (D)
1 creature vanquished.

Notes
Turn   | Place    | Note
-------+----------+-------------------------------------------
     0 | D        | Found the +6 Majin-Bo {vamp, Archmagi MP+6 Int+6}
     0 | D        | Found the +7 great mace "Firestarter" {inner flame, rF++}
     0 | D        | Fang the Gargoyle Berserker began the quest for the Orb.
     0 | D        | Reached XP level 1. HP: 14/14 MP: 1/1
     3 | D        | Found a blossoming altar of Fedhas.
     4 | D        | Found a viscous altar of Jiyva.
     4 | D        | Found a hazy altar of Hepliaklqana.
     4 | D        | Found a transporter.
     4 | D        | Found an opulent altar of Gozag.
     4 | D        | Found an ancient bone altar of Kikubaaqudgha.
     4 | D        | Found a corrupted altar of Lugonu.
     8 | D        | Found a burning altar of Makhleb.
     9 | D        | Found a sacrificial altar of Ru.
     9 | D        | Found a stormy altar of Qazlal.
     9 | D        | Found a deep blue altar of Sif Muna.
     9 | D        | Found an iron altar of Okawaru.
     9 | D        | Found a bloodstained altar of Trog.
     9 | D        | Found a sparkling altar of Nemelex Xobeh.
    68 | D        | Entered arena 2.
    68 | D        | Noticed a deep elf knight
    68 | D        | Noticed a deep elf knight
    68 | D        | Found a transporter.
    75 | D        | Killed a deep elf knight
    75 | D        | Reached skill level 10 in Fighting
    75 | D        | Reached XP level 2. HP: 10/28 MP: 2/2
    75 | D        | Reached XP level 3. HP: 11/33 MP: 3/3
    75 | D        | Reached XP level 4. HP: 14/39 MP: 4/4
    75 | D        | Reached XP level 5. HP: 15/43 MP: 5/5
    75 | D        | Reached XP level 6. HP: 17/48 MP: 6/6
    75 | D        | Reached XP level 7. HP: 19/53 MP: 7/7
    78 | D        | Killed from afar by a deep elf knight

Vault maps used:
D:        sprint_v

Skill      XL: |  1 |
---------------+----+-----
Fighting       | 10 | 10.8
Axes           | 9 |  9.5
Armour         | 6 |  6.2
Dodging        | 4 |  4.0

Action                   |  1- 3 |  4- 6 |  7- 9 || total
-------------------------+-------+-------+-------++-------
Melee: Executioner's axe |     5 |       |     3 ||     8
Invok: Berserk           |     1 |       |       ||     1
Armor: Shadow dragon sca |     4 |       |     3 ||     7
Dodge: Dodged            |     3 |       |       ||     3

Table legend:
 A = Non-vault XP
 B = Vault XP
 C = Vault XP percentage of total XP
 D = Non-vault monster count
 E = Vault monster count
 F = Vault count percentage of total count
                 A         B        C        D         E       F
            +---------+---------+-------+---------+---------+-------
      Total |       0 |     812 | 100.0 |       0 |       1 | 100.0
            +---------+---------+-------+---------+---------+-------
          D |       0 |     812 | 100.0 |       0 |       1 | 100.0
            +---------+---------+-------+---------+---------+-------
